 Dungeon Crawl Stone Soup version 0.27.0-1-g7a089689b8 (webtiles) character file.

Game seed: 11086295200470032568

113 funkygono the Grave Robber (level 4, -2/33 HPs)
             Began as a Ghoul Necromancer on Aug 16, 2021.
             Slain by a hornet zombie (6 damage)
             ... on level 4 of the Dungeon.
             The game lasted 00:11:01 (4321 turns).

funkygono the Grave Robber (Ghoul Necromancer)      Turns: 4321, Time: 00:11:01

Health: -2/33      AC:  4    Str: 11    XL:     4   Next: 96%
Magic:  7/7        EV: 12    Int: 11    God:
Gold:   87         SH:  0    Dex:  9    Spells: 3/8 levels left

rFire    . . .     SeeInvis .     - Unarmed
rCold    + . .     Faith    .   (no shield)
rNeg     + + +     Spirit   .   a - +0 robe
rPois    ∞         Reflect  .   (no helmet)
rElec    .         Harm     .   c - +0 cloak
rCorr    .         Rampage  .   j - +0 pair of gloves
Will     .....                  (no boots)
Stlth    ++........             (no amulet)
HPRegen  0.00/turn              (no ring)
MPRegen  0.10/turn              (no ring)

@: inhibited regen
A: claws 1, cold resistance 1, negative energy resistance 3, inhibited
regeneration, torment resistance 2
a: no special abilities


You were on level 4 of the Dungeon.
You visited 1 branch of the dungeon, and saw 4 of its levels.

You collected 87 gold pieces.

Inventory:

Hand Weapons
 g - a +2 whip of venom
Armour
 a - a +0 robe (worn)
 c - a +0 cloak (worn)
 j - a +0 pair of gloves (worn)
Magical Staves
 b - a staff of fire
Wands
 d - a wand of flame (18)
Scrolls
 h - a scroll of identify
 i - a scroll of silence {unknown}
Potions
 e - a potion of ambrosia {unknown}
 f - a potion of brilliance {unknown}


   Skills:
 + Level 0.2 Fighting
 + Level 0.1 Staves
 + Level 2.1 Dodging
 - Level 2.1 Stealth
 + Level 1.0 Unarmed Combat
 + Level 2.8 Spellcasting
 + Level 5.0 Necromancy


You had 3 spell levels left.
You knew the following spells:

 Your Spells              Type           Power      Damage    Failure   Level
a - Pain                  Necr           48%        1d6       3%          1
b - Animate Skeleton      Necr           24%        N/A       3%          1
c - Vampiric Draining     Necr           6%         2d6       10%         3

Your spell library contained the following spells:

 Spells                   Type           Power      Damage    Failure   Level
 Corpse Rot               Necr/Air       N/A        N/A       14%         2
 Ozocubu's Armour         Ice            1%         N/A       63%         3
 Animate Dead             Necr           6%         N/A       32%         4
 Dispel Undead            Necr           12%        3d9       32%         4
 Agony                    Necr           12%        N/A       67%         5
 Death Channel            Necr           6%         N/A       99%         6
 Metabolic Englaciation   Hex/Ice        0%         N/A       100%        5
 Simulacrum               Ice/Necr       3%         N/A       100%        6
 Ozocubu's Refrigeration  Ice            0%         4d5       100%        7


Dungeon Overview and Level Annotations

Branches:
Dungeon (4/15)
 Temple: D:4-7

Altars:
Yredelemnul


Innate Abilities, Weirdness & Mutations

You thrive by killing the living.
You are immune to poison.
You have sharp fingernails.
Your flesh is cold resistant. (rC+)
You are immune to negative energy. (rN+++)
You do not regenerate when monsters are visible.
You are immune to unholy pain and torment.


Message History

The hornet zombie hits you.
You closely miss the hornet zombie.
The hornet zombie is lightly damaged.
The hornet zombie hits you.
You hit the hornet zombie but do no damage.
The hornet zombie is lightly damaged.
The hornet zombie hits you! The hornet zombie hits you.
You hit the hornet zombie but do no damage.
The hornet zombie is lightly damaged.
The hornet zombie barely misses you.
You hit the hornet zombie but do no damage.
The hornet zombie is lightly damaged.
The hornet zombie completely misses you.
You hit the hornet zombie but do no damage.
The hornet zombie is lightly damaged.
The hornet zombie hits you.
You hit the hornet zombie.
The hornet zombie is lightly damaged.
The hornet zombie closely misses you. x2
You closely miss the hornet zombie.
The hornet zombie is lightly damaged.
The hornet zombie barely misses you.
You barely miss the hornet zombie.
The hornet zombie is lightly damaged.
The hornet zombie barely misses you.
You hit the hornet zombie but do no damage.
The hornet zombie is lightly damaged.
The hornet zombie misses you.
You hit the hornet zombie but do no damage.
The hornet zombie is lightly damaged.
The hornet zombie hits you!
* * * LOW HITPOINT WARNING * * *
The hornet zombie closely misses you.
You hit the hornet zombie.
The hornet zombie is lightly damaged.
The hornet zombie closely misses you.
You barely miss the hornet zombie.
The hornet zombie is lightly damaged.
The hornet zombie hits you.
You die... ..>.. .. ..... .# ..<... .# PPPPP

PPPP.P##.## ###
.....P.....P#...####
...
PP.P.P.PPP.P........
#.#
...P...P...Z#...#
#.#P.P.PPP.PPPPP@..#
..#P.P...P.....P.###


...P.PPPPP.PPPPP.# #....P...........# #.#P.P.PPP.P.PPP## #.#P.P...P.P...P# #.#
PPPPPPPP.PPP# #.# ### ##.#.## #.# ##...# You could see a hornet zombie.

Vanquished Creatures
  4 adders
  An adder skeleton (D:4)
  A worm (D:2)
  A dart slug (D:1)
  An orc (D:3)
  5 endoplasms
  2 giant cockroaches (D:1)
  4 goblins
  5 hobgoblins
  12 jackals
  4 kobolds
  3 quokkas
  7 ball pythons
  A ball python zombie (D:3)
  4 bats
  A frilled lizard (D:1)
  A giant cockroach zombie (D:3)
  A quokka zombie (D:3)
  7 rats
  A bush (D:4)
66 creatures vanquished.

Vanquished Creatures (collateral kills)
  A bat (D:2)
  A hobgoblin (D:1)
  A rat (D:2)
3 creatures vanquished.

Grand Total: 69 creatures vanquished

Notes
Turn   | Place    | Note
-------+----------+-------------------------------------------
     0 | D:1      | funkygono the Ghoul Necromancer began the quest for the
                  | Orb.
     0 | D:1      | Reached XP level 1. HP: 14/14 MP: 2/2
   165 | D:1      | Found a faded altar of an unknown god.
   333 | D:1      | Reached XP level 2. HP: 9/20 MP: 1/3
   800 | D:1      | Learned a level 1 spell: Animate Skeleton
  1242 | D:1      | Reached XP level 3. HP: 26/26 MP: 2/5
  1936 | D:1      | Learned a level 3 spell: Vampiric Draining
  2039 | D:2      | Reached skill level 1 in Unarmed Combat
  2385 | D:2      | Reached XP level 4. HP: 33/33 MP: 1/6
  3123 | D:3      | Reached skill level 5 in Necromancy
  3756 | D:3      | Found a basalt altar of Yredelemnul.
  4321 | D:4      | Slain by a hornet zombie

Illustrated notes

Levels and vault maps discovered:
D:1:      co_arrival_random_square_maze, layout_loops_ring,
          hellmonk_ecumenical_altar_slurped_away
D:2:      layout_rooms
D:3:      layout_rooms, nicolae_yredelemnul_corpse_copse, lemuel_old_faithful
D:4:      layout_loops_ring, minmay_crystal_water, minmay_hedge_maze

Skill      XL: |  1  2  3  4 |
---------------+-------------+-----
Spellcasting   | 2 |  2.8
Dodging        | 2 |  2.1
Unarmed Combat | 1 |  1.0
Necromancy     | 5 |  5.0
Fighting       | |  0.2
Staves         | |  0.1
Stealth        | |  2.1

Action                   |  1- 3 |  4- 6 || total
-------------------------+-------+-------++-------
Melee: Unarmed           |    58 |    93 ||   151
       Staff             |    23 |    52 ||    75
       Punch             |       |     1 ||     1
 Cast: Pain              |    75 |    53 ||   128
       Animate Skeleton  |    12 |    14 ||    26
  Use: Scroll            |     1 |     6 ||     7
 Stab: Sleeping          |       |     2 ||     2
Armor: Robe              |    13 |    15 ||    28
Dodge: Dodged            |    84 |    65 ||   149
